 Dungeon Crawl Stone Soup version 0.19-a0-1608-g4cf22de (webtiles) character file.

2809 Amnesiac the Cruncher (level 9, -6/71 HPs)
             Began as a Mummy Gladiator on Sept 18, 2016.
             Mangled by a hippogriff (8 damage)
             ... on level 8 of the Dungeon.
             The game lasted 00:09:44 (7169 turns).

Amnesiac the Cruncher (Mummy Gladiator)             Turns: 7169, Time: 00:09:45

Health: -6/71      AC:  9    Str: 19    XL:     9   Next: 44%
Magic:  9/9        EV: 12    Int:  4    God:
Gold:   368        SH:  0    Dex: 15    Spells: 0 memorised, 8 levels left

rFire  . . .     SeeInvis .     n - +1 lajatang
rCold  + . .     Gourm    .     B - +2 ring mail {rF+}
rNeg   + + +     Faith    .     (shield currently unavailable)
rPois  ∞         Spirit   .     c - +0 helmet
rElec  .         Dismiss  .     (no cloak)
rCorr  .         Reflect  .     (no gloves)
MR     ++...     Harm     +     r - +0 pair of boots
Stlth  +.........               i - amulet of harm
                                j - ring of protection from magic
                                h - -3 ring of intelligence (curse)

@: no status effects
A: no food or potions, fire vulnerability, cold resistance 1, negative energy
resistance 3, torment resistance, unbreathing
a: no special abilities


You were on level 8 of the Dungeon.
You were not hungry.

You visited 2 branches of the dungeon, and saw 9 of its levels.

You collected 368 gold pieces.

Inventory:

Hand Weapons
 n - a +1 lajatang (weapon)
 A - a +2 quarterstaff of protection
Missiles
 d - 5 throwing nets (quivered)
Armour
 c - a +0 helmet (worn)
 k - a +0 plate armour
 r - a +0 pair of boots (worn)
 B - a +2 ring mail of fire resistance (worn)
Jewellery
 f - an uncursed ring of resist corrosion
 h - a cursed -3 ring of intelligence (left hand)
 i - an amulet of harm (around neck)
 j - a ring of protection from magic (right hand)
 C - an uncursed ring of fire {unknown}
Wands
 a - a wand of random effects (11/48)
 b - a wand of iceblast (7/15)
 w - a wand of teleportation (3/9)
Scrolls
 e - 3 scrolls of remove curse
 l - 3 scrolls of fog
 m - 3 scrolls of magic mapping
 o - 5 scrolls of teleportation
 p - a scroll of immolation
 q - a scroll of enchant armour
 s - a scroll of noise
 t - a scroll of amnesia {unknown}
 u - 4 scrolls of enchant weapon
 v - a scroll of recharging
 y - a scroll of fear
Books
 x - a book of Geomancy

   Spells                             Type                      Level
   a - Sandblast                      Earth                        1
   b - Passwall                       Transmutation/Earth          2
   c - Stone Arrow                    Conjuration/Earth            3
   d - Petrify                        Transmutation/Earth          4
   e - Lee's Rapid Deconstruction     Earth                        5
 z - a book of Unlife

   Spells                             Type                      Level
   a - Recall                         Summoning/Translocation      3
   b - Animate Dead                   Necromancy                   4
   c - Control Undead                 Necromancy                   4
   d - Cigotuvi's Embrace             Necromancy                   5
   e - Death Channel                  Necromancy                   6
   f - Simulacrum                     Ice/Necromancy               6


   Skills:
 + Level 6.4 Fighting
 - Level 10.0 Staves
 - Level 1.5 Throwing
 - Level 2.4 Dodging


You had 8 spell levels left.
You didn't know any spells.

Dungeon Overview and Level Annotations

Branches:
Dungeon (8/15)             Temple (1/1) D:5
   Lair: D:8-11

Altars:
Ashenzari
Cheibriados
Dithmenos
Elyvilon
Hepliaklqana
Kikubaaqudgha
Nemelex Xobeh
Okawaru
Ru
Sif Muna
Uskayaw
Xom
Yredelemnul
Zin
The Shining One

Shops:
D:7 *   D:8 (


Innate Abilities, Weirdness & Mutations

You do not eat or drink.
Your flesh is vulnerable to fire.
You are immune to poison.
Your flesh is cold resistant. (rC+)
You are immune to negative energy. (rN+++)
You are immune to unholy pain and torment.
You can survive without breathing.


Message History

The hippogriff misses you. The hippogriff claws you.
You slash the hippogriff!
The hippogriff is severely wounded.
Something hits you. Something shocks you.
The hippogriff bites you but does no damage.
The hippogriff pecks you but does no damage.
The hippogriff closely misses you.
You barely miss the hippogriff.
The hippogriff is severely wounded.
Something hits you.
* * * LOW HITPOINT WARNING * * *
Something shocks you.
* * * LOW HITPOINT WARNING * * *
The hippogriff barely misses you. The hippogriff pecks you.
* * * LOW HITPOINT WARNING * * *
The hippogriff closely misses you. The hippogriff bites you.
* * * LOW HITPOINT WARNING * * *
The hippogriff pecks you!
You die...

#.####...####.###.
#........####.# #.
######........# #.
##.####### #. ##'## #.
#### ##...## ####.
..###.....## #.... #.
#.##.......###.##.
##...##@#.........##.#..
#......)H.........+.....
##.>.##.#(........#.....
##. #.##.......##.(.#.
.. ..##.∩....###...). ..
...####...## #.#.)# .
....# ##+## #.##.#
....#. #.# #.##.# ....#
# #.#####.....


You could see a hippogriff.

Vanquished Creatures
  Joseph (D:7)
  A hippogriff (D:7)
  An ice beast (D:5)
  A sky beast (D:5)
  4 ogres
  2 centaurs (D:8)
  5 bullfrogs
  A water moccasin zombie (D:6)
  A scorpion (D:6)
  3 killer bees (D:7)
  2 crimson imps
  A centaur zombie (D:8)
  A quasit (D:5)
  3 hounds
  4 orc wizards
  5 orc priests
  2 gnoll shamans (D:6)
  A jelly (D:7)
  An iguana (D:5)
  Ijyb (D:3)
  5 worker ants
  A killer bee zombie (D:6)
  A hound zombie (D:7)
  A hound skeleton (D:7)
  9 gnolls
  7 adders
  An ooze (D:1)
  3 adder skeletons
  2 adder zombies (D:5)
  A worm (D:2)
  6 leopard geckos
  22 orcs
  4 giant cockroaches
  7 goblins
  11 hobgoblins
  6 jackals
  6 quokkas
  2 ball pythons
  A ball python zombie (D:4)
  6 bats
  5 frilled lizards
  4 kobolds
  A quokka skeleton (D:5)
  9 rats
162 creatures vanquished.

Notes
Turn   | Place    | Note
-------+----------+-------------------------------------------
     0 | D:1      | Amnesiac the Mummy Gladiator began the quest for the Orb.
     0 | D:1      | Reached XP level 1. HP: 16/16 MP: 1/1
   299 | D:1      | Reached XP level 2. HP: 19/22 MP: 2/2
   387 | D:2      | Reached skill level 3 in Staves
   606 | D:4      | Reached XP level 3. HP: 27/27 MP: 3/3
   642 | D:4      | Reached skill level 4 in Staves
   642 | D:4      | Reached XP level 4. HP: 31/33 MP: 4/4
   849 | D:4      | Noticed an ogre
   858 | D:4      | Killed an ogre
   858 | D:4      | Reached skill level 5 in Staves
   858 | D:4      | Reached XP level 5. HP: 22/38 MP: 5/5
  1873 | D:5      | Entered Level 5 of the Dungeon
  1873 | D:5      | Found a staircase to the Ecumenical Temple.
  1876 | D:5      | Noticed an ogre
  1876 | Temple   | Entered the Ecumenical Temple
  2112 | D:5      | Reached XP level 6. HP: 39/44 MP: 6/6
  2118 | D:5      | Reached skill level 6 in Staves
  2636 | D:2      | Found a glowing golden altar of the Shining One.
  2900 | D:3      | Noticed Ijyb
  2910 | D:3      | Killed Ijyb
  4128 | D:5      | Noticed a sky beast
  4134 | D:5      | Killed a sky beast
  4134 | D:5      | Reached XP level 7. HP: 50/50 MP: 7/7
  4252 | D:5      | Reached skill level 7 in Staves
  5166 | D:6      | Reached skill level 5 in Fighting
  5224 | D:6      | Reached XP level 8. HP: 57/62 MP: 8/8
  5456 | D:6      | Reached skill level 8 in Staves
  6294 | D:7      | Noticed Joseph
  6316 | D:7      | Killed Joseph
  6316 | D:7      | Reached skill level 9 in Staves
  6316 | D:7      | Reached XP level 9. HP: 42/69 MP: 9/9
  6517 | D:7      | Found Dawaong's General Store.
  7018 | D:8      | Reached skill level 10 in Staves
  7145 | D:8      | Found Dich's Antique Weapon Emporium.
  7169 | D:8      | HP: 2/71 [hippogriff (7)]
  7169 | D:8      | Mangled by a hippogriff

Vault maps used:
D:1:      lemuel_arrival_room, minmay_split_cup_small
D:2:      lemuel_doored_altar, minmay_pentomino_q2
D:3:      minmay_wonky_spiral, first_bread, kennysheep_cross_room,
          minmay_misc_feat_cross, uniq_iyjb
D:4:      kb_forest_paths
D:7:      serial_shops, shop_fountains, kennysheep_generic_room_11, uniq_joseph
D:8:      grunt_temple_overflow_lords_of_destruction, grunt_gozag_statues,
          serial_shops, shop, the_bakery, uniq_erica
Temple:   minmay_temple_curvy_branch

Skill      XL: |  1  2  3  4  5  6  7  8  9 |
---------------+----------------------------+-----
Staves         | 3 4 5 6 7 9 10 | 10.0
Fighting       | 5 6 |  6.4
Throwing       | |  1.5
Dodging        | |  2.4

Action                   |  1- 3 |  4- 6 |  7- 9 || total
-------------------------+-------+-------+-------++-------
Melee: Quarterstaff      |    52 |    52 |       ||   104
       Dagger            |     5 |    12 |       ||    17
       Lajatang          |       |   177 |   313 ||   490
Throw: Throwing net      |       |     3 |       ||     3
Evoke: Wand              |       |       |     2 ||     2
  Use: Scroll            |       |     6 |     6 ||    12
 Stab: Sleeping          |     1 |       |       ||     1
Armor: Leather armour    |    17 |     4 |       ||    21
       Plate armour      |       |   173 |   232 ||   405
       Ring mail         |       |       |    21 ||    21
Dodge: Dodged            |    28 |    93 |   148 ||   269
